 Dungeon Crawl Stone Soup version 0.31.0-32-g396128a36d (webtiles) character file.

Game seed: 2149880549630508747

165 H0rd4k the Insei (level 5, -2/34 HPs)
             Began as an Octopode Artificer on Apr 9, 2024.
             Was an Initiate of Gozag.
             Slain by Duvessa
             ... wielding a +0 short sword
              (9 damage)
             ... on level 5 of the Dungeon.
             The game lasted 00:02:04 (2954 turns).

H0rd4k the Insei (Octopode Artificer)               Turns: 2954, Time: 00:02:04

Health: -2/34      AC:  1    Str: 11    XL:     5   Next: 46%
Magic:  5/5        EV: 13    Int: 16    God:    Gozag
Gold:   228        SH:  0    Dex: 12    Spells: 4/4 levels left

rFire   . .          .
                       - Unarmed
rCold   . . .        (no shield)
rNeg    + . .        (helmet restricted)
rPois   .            p - amulet of the acrobat
rElec   .            n - ring of positive energy
rCorr   .            (no ring)
SInv    .            (no ring)
Will    .....        (no ring)
Stlth   +++          (no ring)
HPRegen 0.25/turn    (no ring)
MPRegen 0.09/turn    (no ring)
                     (no ring)

%: acrobat
@: no status effects
A: almost no armour, amphibious, 8 rings, camouflage 1, gelatinous body 1,
(nimble swimmer 1), tentacles
a: Renounce Religion, Potion Petition, Call Merchant, Bribe Branch


You were on level 5 of the Dungeon.
You worshipped Gozag.
Gozag was aware of your devotion.
You visited 2 branches of the dungeon, and saw 6 of its levels.

You collected 289 gold pieces.
You paid 61 gold pieces to Gozag.

Inventory:

Missiles
 m - 20 poisoned darts
 q - 2 atropa-tipped darts
Magical Staves
 r - a staff of air
Jewellery
 n - a ring of positive energy (left tentacle)
 p - an amulet of the acrobat (around mantle)
Talismans
 t - a dragon-blood talisman
Wands
 b - a wand of flame (34) (quivered)
 c - a wand of charming (10)
 d - a wand of iceblast (4)
 y - a wand of polymorph (5)
Scrolls
 e - 4 scrolls of teleportation {unknown}
 f - 2 scrolls of fog {unknown}
 g - a scroll of immolation {unknown}
 h - 3 scrolls of identify {unknown}
 i - 2 scrolls of vulnerability {unknown}
 k - a scroll of enchant weapon {unknown}
 w - a scroll of brand weapon {unknown}
 x - a scroll of noise {unknown}
 z - a scroll of amnesia {unknown}
 A - a scroll of poison {unknown}
Potions
 a - 2 potions of heal wounds {unknown}
 j - 2 potions of brilliance {unknown}
 l - 2 potions of degeneration {unknown}
 o - a potion of berserk rage {unknown}
 s - a potion of haste {unknown}
 u - 2 potions of curing {unknown}
 v - a potion of magic {unknown}


   Skills:
 + Level 2.0 Fighting
 - Level 2.3 Dodging
 - Level 1.3 Stealth
 + Level 4.6 Unarmed Combat
 - Level 3.2 Evocations


You had 4 spell levels left.
You didn't know any spells.
Your spell library contained the following spells:

 Spells                   Type           Power      Damage    Failure   Level
 Ensorcelled Hibernation  Hex/Ice        0%         N/A       36%         2
 Fugue of the Fallen      Necr           0%         N/A       58%         3
 Passwall                 Erth           0%         N/A       58%         3
 Swiftness                Air            0%         N/A       58%         3
 Anguish                  Hex/Necr       0%         N/A       94%         4
 Manifold Assault         Tloc           0%         N/A       94%         4
 Dispersal                Tloc           0%         N/A       100%        6
 Disjunction              Tloc           0%         N/A       100%        8


Dungeon Overview and Level Annotations

Branches:
Dungeon (5/15)             Temple (1/1) D:4

Altars:
Ashenzari
Cheibriados
Dithmenos
Elyvilon
Fedhas
Gozag
Hepliaklqana
Kikubaaqudgha
Makhleb
Nemelex Xobeh
Okawaru
Ru
Sif Muna
Trog
Uskayaw
Wu Jian
Yredelemnul
Zin
The Shining One

Annotations:
D:5 Dowan, Duvessa


Innate Abilities, Weirdness & Mutations

You cannot wear most types of armour.
You are amphibious.
You can wear up to eight rings at the same time.
Your skin changes colour to match your surroundings (Stealth+).
Your rubbery body absorbs attacks. (AC +1, EV +1)
((You are camouflaged when in or above water. (Stealth+)))
You have tentacles for arms and can constrict up to eight enemies at once.


Message History

r - Retreat! s - Stop attacking. g - Guard the area. f - Follow me.
Anything else - Cancel.
Guard this area!
Dowan gestures wildly while chanting.
Dowan blinks!
Dowan casts a spell.
Dowan blinks!
You tentacle-slap Duvessa but do no damage.
Your grab misses Duvessa. Your squeeze misses Duvessa.
You tentacle-slap Duvessa. You grab Duvessa.
Duvessa is lightly wounded.
You constrict Duvessa, but do no damage.
Duvessa hits you with a +0 short sword.
You tentacle-slap Duvessa. You squeeze Duvessa, but do no damage.
Duvessa is lightly wounded.
You constrict Duvessa. Duvessa hits you but does no damage.
You tentacle-slap Duvessa.
Duvessa is lightly wounded.
You constrict Duvessa. Duvessa hits you with a +0 short sword!
You tentacle-slap Duvessa but do no damage.
Duvessa is moderately wounded.
You constrict Duvessa.
Dowan mumbles some strange words.
Dowan blinks!
Duvessa hits you with a +0 short sword!
You release your grip on Duvessa.
Duvessa attacks as she pursues you! Duvessa misses you.
You tentacle-slap Duvessa but do no damage.
You grab Duvessa.
Duvessa is moderately wounded.
You constrict Duvessa, but do no damage.
Duvessa hits you with a +0 short sword.
* * * LOW HITPOINT WARNING * * *
You tentacle-slap Duvessa but do no damage.
You squeeze Duvessa!
Duvessa is heavily wounded.
You constrict Duvessa. Duvessa hits you with a +0 short sword!
You die...
Your body crumbles into a pile of gold.

#.........#
##.........##
#...........#
##...........#
#............#
##............#
#.!...<......>.
#..............
##.....@........
.......ee.......
#......$........
##..............
###............
##..........#
...........#
#..##......# ...
#.....#


You could see Duvessa (ally target) and the friendly Dowan (charmed).

Vanquished Creatures
  A howler monkey (D:4)
  An iguana (D:4)
  Terence (D:3)
  3 adders
  3 dart slugs
  2 ribbon worms (D:4)
  An orc (D:4)
  3 bats
  2 endoplasms
  8 giant cockroaches
  A goblin (D:3)
  A hobgoblin (D:3)
  2 jackals (D:2)
  4 ball pythons
  2 frilled lizards
  3 kobolds
  5 rats
43 creatures vanquished.

Vanquished Creatures (collateral kills)
  An endoplasm (D:3)
1 creature vanquished.

Grand Total: 44 creatures vanquished

Notes
Turn   | Place    | Note
-------+----------+-------------------------------------------
     0 | D:1      | H0rd4k the Octopode Artificer began the quest for the Orb.
     0 | D:1      | Reached XP level 1. HP: 13/13 MP: 1/1
    73 | D:1      | Reached skill level 1 in Unarmed Combat
   129 | D:1      | Reached XP level 2. HP: 18/18 MP: 2/2
   771 | D:2      | Reached skill level 2 in Unarmed Combat
   771 | D:2      | Reached XP level 3. HP: 15/23 MP: 3/3
  1074 | D:2      | Found a faded altar of an unknown god.
  1871 | D:3      | Noticed Terence
  1928 | D:3      | Killed Terence
  1929 | D:3      | Reached skill level 3 in Unarmed Combat
  1929 | D:3      | Reached XP level 4. HP: 29/29 MP: 4/4
  1984 | D:4      | Found a staircase to the Ecumenical Temple.
  2093 | Temple   | Entered the Ecumenical Temple
  2106 | Temple   | Became a worshipper of Gozag Ym Sagoz the Greedy
  2387 | D:4      | Reached skill level 4 in Unarmed Combat
  2387 | D:4      | Reached XP level 5. HP: 26/34 MP: 5/5
  2941 | D:5      | Entered Level 5 of the Dungeon
  2941 | D:5      | Noticed Dowan
  2942 | D:5      | Noticed Duvessa
  2954 | D:5      | Slain by Duvessa

Illustrated notes

Levels and vault maps discovered:
D:1:      spicycebolla_green_bress_n_ham, layout_loops_ring
D:2:      layout_basic, shapermc_ecumenical_altar_gd, roderic_serpentine_path
D:3:      layout_rooms, patterned_corridor, uniq_terence
D:4:      layout_loops_cross, minmay_temple_entry_grid
D:5:      layout_cave_pods, nicolae_qazlal_beasts_of_the_sky,
          nicolae_vehumet_radiance, uniq_duvessa
Temple:   compressed_dpeg_triangle_lava_temple

Skill      XL: |  1  2  3  4  5 |
---------------+----------------+-----
Unarmed Combat | 1 2 3 4 |  4.6
Fighting       | 2 |  2.0
Dodging        | |  2.3
Stealth        | |  1.3
Evocations     | |  3.2

Action                     |  1- 3 |  4- 6 || total
---------------------------+-------+-------++-------
  Melee: Unarmed           |    64 |    51 ||   115
         Constrict         |    21 |    13 ||    34
         Tentacles         |    10 |    12 ||    22
         Punch             |     3 |     1 ||     4
  Evoke: Wand              |     4 |     2 ||     6
   Stab: Sleeping          |    10 |     1 ||    11
 Armour: Skin              |    24 |    20 ||    44
  Dodge: Dodged            |    41 |    26 ||    67
